 Dungeon Crawl Stone Soup version 0.21.1-1-g345015f (webtiles) character file.

312 letownia2 the Conjurer (level 6, 23/42 HPs)
             Began as a Demonspawn Wizard on Feb 8, 2018.
             Was an Initiate of Gozag.
             Quit the game on level 3 of the Dungeon.
             The game lasted 00:07:21 (2560 turns).

letownia2 the Conjurer (Demonspawn Wizard)          Turns: 2560, Time: 00:07:21

Health: 23/42      AC:  4    Str:  9    XL:     6   Next: 18%
Magic:  10/10      EV: 11    Int: 19    God:    Gozag
Gold:   228        SH:  0    Dex: 12    Spells: 2/11 levels left

rFire    . . .     SeeInvis .   a - +1 short sword (venom)
rCold    . . .     Gourm    .   (no shield)
rNeg     + . .     Faith    .   u - +0 leather armour
rPois    .         Spirit   .   v - +0 hat
rElec    .         Reflect  .   (no cloak)
rCorr    .         Harm     .   (no gloves)
MR       .....                  (no boots)
Stlth    ++........             I - amulet of rage
HPRegen  0.14/turn              y - ring of positive energy
MPRegen  0.12/turn              (no ring)

@: gold aura, berserk cooldown, slowed, very slow
A: talons 1, rugged brown scales 1, powered by death 1
a: Potion Petition, Call Merchant, Bribe Branch, Renounce Religion, Evoke
Berserk Rage


You were on level 3 of the Dungeon.
You worshipped Gozag.
Gozag was aware of your devotion.
You were very hungry.

You visited 2 branches of the dungeon, and saw 5 of its levels.

You collected 289 gold pieces.
You paid 61 gold pieces to Gozag.

Inventory:

Hand Weapons
 a - a +1 short sword of venom (weapon)
 b - a +2 dagger of protection
 g - a +0 whip
 q - a +0 trident
 x - a +0 mace of draining
Missiles
 l - 3 curare-tipped needles
 z - a throwing net (quivered)
 F - 4 tomahawks
Armour
 k - a cursed -2 ring mail
 n - a +0 robe
 r - a +0 ring mail
 u - a +0 leather armour (worn)
 v - a +0 hat (worn)
Jewellery
 s - an uncursed ring of fire
 y - a ring of positive energy (left hand)
 D - an uncursed ring of fire
 I - an amulet of rage (around neck)
Wands
 B - a wand of flame (27)
Scrolls
 h - a scroll of immolation {unknown}
 j - 2 scrolls of identify {unknown}
 m - a scroll of magic mapping {unknown}
 o - a scroll of amnesia {unknown}
 p - 2 scrolls of enchant armour {unknown}
 w - a scroll of teleportation {unknown}
 A - 3 scrolls of fear {unknown}
 E - a scroll of fog {unknown}
 H - a scroll of random uselessness {unknown}
Potions
 e - a potion of agility {unknown}
 f - a potion of flight {unknown}
 i - 6 potions of curing {unknown}
 t - 3 potions of degeneration {unknown}
 C - a potion of lignification {unknown}
 G - a potion of berserk rage {unknown}
Books
 c - a book of Minor Magic

   Spells                             Type                      Level
   a - Magic Dart                     Conjuration                  1
   b - Blink                          Translocation                2
   c - Call Imp                       Summoning                    2
   d - Slow                           Hexes                        2
   e - Conjure Flame                  Conjuration/Fire             3
   f - Mephitic Cloud                 Conjuration/Poison/Air       3
Comestibles
 d - 7 rations


   Skills:
 - Level 1.7 Dodging
 - Level 1.7 Stealth
 + Level 3.2 Spellcasting
 - Level 4.0 Conjurations
   Level 1.0 Summonings
 + Level 1.4 Translocations
 + Level 1.9 Fire Magic
 + Level 2.0 Air Magic
 + Level 2.1 Poison Magic


You had 2 spell levels left.
You knew the following spells:

 Your Spells              Type           Power        Failure   Level  Hunger
a - Magic Dart            Conj           ###.         3%          1    None
b - Blink                 Tloc           N/A          17%         2    ##.....
c - Conjure Flame         Conj/Fire      ##......     19%         3    ###....
e - Mephitic Cloud        Conj/Pois/Air  ##......     21%         3    ###....


Dungeon Overview and Level Annotations

Branches:
Dungeon (4/15)             Temple (1/1) D:4

Altars:
Cheibriados
Dithmenos
Elyvilon
Fedhas
Gozag
Kikubaaqudgha
Makhleb
Nemelex Xobeh
Qazlal
Ru
Trog
Uskayaw
Vehumet
Wu Jian
Xom
Zin
The Shining One

Annotations:
D:4 letownia2's ghost, amateur DsWz


Innate Abilities, Weirdness & Mutations

You have sharp toenails.
You are partially covered in rugged brown scales. (AC +1, +3% HP)
You regenerate a little health from kills.


Message History

RollingDesktops's ghost is severely damaged.
RollingDesktops's ghost misses you.
You puncture RollingDesktops's ghost!
You destroy RollingDesktops's ghost!
Your Air Magic skill increases to level 2!
Your Poison Magic skill increases to level 2!
You have reached level 6!
Your experience leads to an increase in your attributes!
Your base attributes are Str 8, Int 19, Dex 12.
Increase (S)trength, (I)ntelligence, or (D)exterity?
You feel stronger.
Your demonic ancestry asserts itself...
Your toenails lengthen and sharpen.
You now have 228 gold pieces (gained 7).
You feel a strong urge to attack something.
You are no longer berserk.
You are exhausted.
You feel yourself slow down.
Are you sure you want to abandon this character and quit the game? (Confirm with "yes".)
Okay, then.
Are you sure you want to abandon this character and quit the game? (Confirm with "yes".)

(...############## #.###
.(.........>.....# #...#
...#############.# ###.#
...# #.# #.# ...# #.#
#.# ...#### ##.## #.#
......### ##...# #.#
........######....# ####
................@.#..#..
#####.#.#####.....#..#..
###### # #.#.#
#.#####..... #.....
#####.#.# #...#.......
####.# ....#.#.#
#...#.....#### #.#
#.#.#.#.# #......# #..#
#.# #.#.#.#.# #......#
##.# #.# #.#.#.#.#
#....### #.# ##.#
#.....#.# #......###.#.#
#..#


There were no monsters in sight!

Vanquished Creatures
  The ghost of RollingDesktops the Grasshopper, an amateur GnWr (D:3)
  A scorpion (D:4)
  2 orc wizards (D:3)
  5 adders
  2 worms
  2 dart slugs
  6 orcs
  6 giant cockroaches
  5 goblins
  6 hobgoblins
  5 jackals (D:2)
  8 kobolds
  8 bats
  5 frilled lizards
  5 rats
67 creatures vanquished.

Notes
Turn   | Place    | Note
-------+----------+-------------------------------------------
     0 | D:1      | letownia2 the Demonspawn Wizard began the quest for the Orb.
     0 | D:1      | Reached XP level 1. HP: 13/13 MP: 4/4
   176 | D:1      | Reached skill level 2 in Conjurations
   259 | D:1      | Gained mutation: You regenerate a little health from kills. [demonic ancestry]
   259 | D:1      | Reached XP level 2. HP: 13/19 MP: 1/6
   696 | D:2      | Reached skill level 3 in Conjurations
   696 | D:2      | Reached XP level 3. HP: 24/24 MP: 1/7
   722 | D:2      | Learned a level 3 spell: Mephitic Cloud
   726 | D:2      | Learned a level 3 spell: Conjure Flame
  1124 | D:3      | Reached XP level 4. HP: 24/30 MP: 5/8
  1142 | D:3      | Reached skill level 1 in Fire Magic
  1142 | D:3      | Reached skill level 1 in Air Magic
  1142 | D:3      | Reached skill level 1 in Poison Magic
  1200 | D:3      | Learned a level 2 spell: Blink
  1244 | D:4      | Noticed letownia2's ghost (amateur DsWz)
  1303 | D:4      | Reached skill level 4 in Conjurations
  1303 | D:4      | Gained mutation: You are partially covered in rugged brown scales. (AC +1, +3% HP) [demonic ancestry]
  1303 | D:4      | Reached XP level 5. HP: 30/36 MP: 2/9
  1371 | D:4      | Found a staircase to the Ecumenical Temple.
  1381 | Temple   | Entered the Ecumenical Temple
  1396 | Temple   | Became a worshipper of Gozag Ym Sagoz the Greedy
  1676 | D:3      | Noticed RollingDesktops's ghost (amateur GnWr)
  1798 | D:2      | Reached skill level 1 in Translocations
  2385 | D:3      | Found a sparkling altar of Nemelex Xobeh.
  2552 | D:3      | Killed RollingDesktops's ghost
  2552 | D:3      | Gained mutation: You have sharp toenails. [demonic ancestry]
  2552 | D:3      | Reached XP level 6. HP: 31/42 MP: 10/10
  2560 | D:3      | Quit the game

Skill      XL: |  1  2  3  4  5 |
---------------+----------------+-----
Conjurations   | 2 3 4 |  4.0
Fire Magic     | 1 |  1.9
Air Magic      | 1 2 |  2.0
Poison Magic   | 1 2 |  2.1
Translocations | 1 |  1.4
Dodging        | |  1.7
Stealth        | |  1.7
Spellcasting   | |  3.2
Summonings     | |  1.0

Action                   |  1- 3 |  4- 6 || total
-------------------------+-------+-------++-------
Melee: Whip              |    19 |       ||    19
       Short sword       |    23 |    54 ||    77
       Dagger            |       |    10 ||    10
 Cast: Magic Dart        |    70 |    38 ||   108
       Mephitic Cloud    |     2 |     3 ||     5
       Conjure Flame     |       |     1 ||     1
 Abil: Evoke Berserk Rag |       |     1 ||     1
  Eat: Chunk             |     1 |     1 ||     2
       Ration            |       |     1 ||     1
Armor: Robe              |    18 |       ||    18
       Leather armour    |       |    16 ||    16
Dodge: Dodged            |    63 |    29 ||    92
